 Dungeon Crawl Stone Soup version 0.29.1-1-gd02db6906a (webtiles) character file.

Game seed: 5262780952850193784

107177 raistware the Devastator (level 17, 0/104 HPs)
             Began as a Human Conjurer on Sept 30, 2022.
             Was a High Priest of Vehumet.
             Collided with a stone wall (17 damage)
             ... caused by a wretched star
             ... in a wizard's laboratory.
             The game lasted 01:44:55 (27041 turns).

raistware the Devastator (Human Conjurer)          Turns: 27041, Time: 01:44:56

Health: 0/104      AC: 10    Str:  7 (8)  XL:     17   Next: 1%
Magic:  20/34      EV: 11    Int: 28      God:    Vehumet [*****.]
Gold:   3021       SH:  0    Dex: 12      Spells: 16/43 levels left

rFire   . . .      SeeInvis .   a - staff of conjuration
rCold   . . .      Faith    .   (no shield)
rNeg    . . .      Spirit   .   Q - +3 leather armour of Loss {Will++ rCorr Slay+5}
rPois   .          Reflect  .   u - +1 helmet
rElec   .          Harm     .   (no cloak)
rCorr   +          Rampage  .   o - +0 pair of gloves
Will    ++++.                   f - +1 pair of boots
Stlth   ++........              C - amulet "Tiliong" {Regen+ Slay+4}
HPRegen 1.87/turn               P - ring of wizardry
MPRegen 0.24/turn               m - +6 ring of intelligence

@: no status effects
A: strong-willed 1, regeneration 1, shaggy fur 1, MP-powered wands, [deformed
body], [deterioration 2], [dopey 2]
a: Renounce Religion


You were in a wizard's laboratory.
You worshipped Vehumet.
Vehumet was extremely pleased with you.
You visited 5 branches of the dungeon, and saw 22 of its levels.
You also visited: Bailey and Wizlab.

You collected 3275 gold pieces.
You spent 254 gold pieces at shops.

Inventory:

Missiles
 l - 24 poisoned darts
 y - 3 throwing nets
 L - a curare-tipped dart
Armour
 f - a +1 pair of boots (worn)
 o - a +0 pair of gloves (worn)
 u - a +1 helmet (worn)
 B - a +3 leather armour of fire resistance
 Q - the +3 leather armour of Loss (worn) {Will++ rCorr Slay+5}
   (You found it on level 8 of the Dungeon)

   Slay:      It affects your accuracy & damage with ranged weapons and melee
   (+5).
   rCorr:     It protects you from acid and corrosion.
   Will:      It greatly increases your willpower.
 S - a +2 robe of cold resistance
Magical Staves
 a - a staff of conjuration (weapon)
 O - a staff of cold
Jewellery
 d - a ring of protection from cold
 e - a +4 ring of evasion
 m - a +6 ring of intelligence (right hand)
 C - the amulet "Tiliong" (around neck) {Regen+ Slay+4}
   (You found it on level 6 of the Dungeon)

   [amulet of regeneration]

   Slay:      It affects your accuracy & damage with ranged weapons and melee
   (+4).
   Regen:     It increases your rate of health regeneration.
 K - a ring of magical power
 P - a ring of wizardry (left hand)
 Y - the ring of Tender Moments {rF+ AC+4 Stlth+}
   (You found it on level 5 of the Lair of Beasts)

   [ring of protection]

   AC:        It affects your AC (+4).
   rF:        It protects you from fire.
   Stlth:     It makes you more stealthy.
Wands
 c - a wand of flame (7)
 n - a wand of digging (10)
 v - a wand of polymorph (6)
 x - a wand of paralysis (16)
 z - a wand of iceblast (2)
 U - a wand of mindburst (1)
Scrolls
 g - 5 scrolls of blinking
 h - 5 scrolls of fear
 p - 4 scrolls of summoning
 t - a scroll of silence {unknown}
 w - 10 scrolls of teleportation
 E - a scroll of magic mapping
 F - 3 scrolls of immolation
 M - a scroll of poison {unknown}
 T - 2 scrolls of fog {unknown}
Potions
 i - 14 potions of curing
 q - a potion of brilliance
 G - 3 potions of flight
 H - a potion of resistance
 J - 3 potions of heal wounds
 N - 3 potions of lignification
 R - 3 potions of ambrosia
 V - 3 potions of berserk rage
 W - a potion of cancellation


   Skills:
 - Level 1.0 Fighting
 - Level 2.0 Dodging
 - Level 2.0 Stealth
 + Level 13.9 Spellcasting
 - Level 20.0 Conjurations
 - Level 2.0 Translocations
 - Level 4.0 Transmutations
 * Level 14.7 Ice Magic


You had 16 spell levels left.
You knew the following spells:

 Your Spells              Type           Power      Damage    Failure   Level
a - Magic Dart            Conj           100%       1d8       0%          1
b - Iskenderun's Mystic   Conj/Tloc      88%        2d17      1%          4
c - Irradiate             Conj/Tmut      46%        3d27      1%          5
d - Stone Arrow           Conj/Erth      100%       3d13      1%          3
e - Freezing Cloud        Conj/Ice/Air   45%        6-21      1%          5
f - Spellforged Servitor  Conj/Summ      42%        N/A       7%          7
z - Blink                 Tloc           60%        N/A       1%          2

Your spell library contained the following spells:

 Spells                   Type           Power      Damage    Failure   Level
 Yara's Violent Unravell  Hex/Tmut       15%        3d8       6%          5
 Searing Ray              Conj           100%       2d8       0%          2
 Shock                    Conj/Air       100%       1d9       1%          1
 Summon Small Mammal      Summ           76%        N/A       1%          1
 Dazzling Flash           Conj/Hex       100%       N/A       1%          3
 Mephitic Cloud           Conj/Pois/Air  71%        N/A       1%          3
 Fulminant Prism          Conj/Hex       42%        3d20      1%          4
 Call Imp                 Summ           19%        N/A       2%          2
 Sublimation of Blood     Necr           19%        N/A       2%          2
 Lesser Beckoning         Tloc           30%        N/A       2%          3
 Call Canine Familiar     Summ           19%        N/A       4%          3
 Summon Guardian Golem    Hex/Summ       19%        N/A       4%          3
 Swiftness                Air            19%        N/A       4%          3
 Airstrike                Air            9%         2d(2-18)  4%          4
 Petrify                  Tmut/Erth      30%        N/A       8%          4
 Simulacrum               Ice/Necr       28%        N/A       12%         6
 Animate Armour           Summ/Erth      38%        N/A       16%         4
 Cause Fear               Hex            9%         N/A       16%         4
 Manifold Assault         Tloc           30%        N/A       21%         5
 Lehudib's Crystal Spear  Conj/Erth      42%        10d10     38%         8
 Polar Vortex             Ice            40%        N/A       63%         9
 Dragon Form              Tmut           20%        N/A       92%         7
 Dragon's Call            Summ           9%         N/A       100%        9


Dungeon Overview and Level Annotations

Branches:
Dungeon (11/15)            Temple (1/1) D:4            Lair (5/5) D:10
 Shoals (0/4) Lair:2       Spider (0/4) Lair:3        Slime (0/5) Lair:4
    Orc (2/2) D:11            Elf (3/3) Orc:2        Bailey (visited)
 WizLab (1/1)

Altars:
Ashenzari
Cheibriados
Gozag
Hepliaklqana
Kikubaaqudgha
Makhleb
Nemelex Xobeh
Okawaru
Qazlal
Ru
Sif Muna
Uskayaw
Vehumet
Xom
Zin
The Shining One
Jiyva

Shops:
D:11 :   Orc:2 (?[(:   Elf:1 !

Portals:
Trove: D:10 (give 6 scrolls of blinking)

Annotations:
Elf:2 3 runed translucent doors, exclusion: 3 doors
Elf:3 4 exclusions WizLab 1 transporter


Innate Abilities, Weirdness & Mutations

You are strong-willed. (Will+)
Your natural rate of healing is unusually fast.
You are covered in fur. (AC +1)
You expend magic power (3 MP) to strengthen your wands.
[Armour fits poorly on your strangely shaped body.]
[Your body often deteriorates upon taking damage.]
[You are very dopey. (Int -4)]


Message History

Confirm with . or Enter, or press ? or * to list all spells.
Aiming: Stone Arrow (safe; 1% risk of failure)
Press: ? - help, Shift-Dir - straight line, f/p - wretched star
Aim: a wretched star (heavily damaged, unaware, hasn't noticed you, 78% to hit)
You feel a surge of power!
The stone arrow misses the wretched star.
The wretched star pulses with an eldritch light!
You feel yourself wasting away.
You feel your body start to fall apart.
Casting: Stone Arrow (safe; 1% risk of failure)
Confirm with . or Enter, or press ? or * to list all spells.
Aiming: Stone Arrow (safe; 1% risk of failure)
Press: ? - help, Shift-Dir - straight line, f/p - wretched star
Aim: a wretched star (heavily damaged, 78% to hit)
You feel a surge of power!
The stone arrow misses the wretched star.
The wretched star pulses with an eldritch light!
You feel stupid. x2
Unknown command.
Casting: Stone Arrow (safe; 1% risk of failure)
Confirm with . or Enter, or press ? or * to list all spells.
Aiming: Freezing Cloud (safe; 1% risk of failure)
Press: ? - help, Dir - move target, f/p - wretched star
Aim: a wretched star (heavily damaged)
You feel a surge of power! That beam is likely to hit you.
Continue anyway? [Y]es or [N]o only, please.
That beam is likely to hit you.
Continue anyway?
You are engulfed in freezing vapours.
The wretched star is engulfed in freezing vapours. x2
Unknown command.
The wretched star is engulfed in freezing vapours.
Unknown command.
The wretched star is engulfed in freezing vapours.
The wretched star glows turbulently.
The lance of force hits you!!
* * * LOW HITPOINT WARNING * * *
Your body deteriorates!
You feel weakened.
You are knocked back by the lance of force.
You slam into the stone wall!
You die...

.......#.........###.....# ...
.................###..##..###..#
######...#######..##..## ......#
##### #.......## ....#
####...##..##...#
#####......###.....#
..#####......##..###....##
#.......#§§.......##...##
#...#...#*§..@##......##
....§§§§§§§#####.....##
###.§§###### ##..### #.... ####
#... ##/ #


You could see a wretched star.

Vanquished Creatures
  3 tentacled starspawn (WizLab)
  Azrael (Elf:1)
  2 deep elf demonologists
  A dire elephant (Lair:5)
  A great orb of eyes (WizLab)
  2 hydras
  A vault guard (D:10)
  An ogre mage (Orc:2)
  A death knight (D:11)
  4 dancing weapons (Elf:2)
  A nameless horror (Lair:2)
  5 two-headed ogres
  A centaur warrior (D:10)
  A death yak (D:10)
  5 deep elf knights
  A spectral anaconda (Lair:5)
  2 deep elf archers (Elf:2)
  An obsidian statue (Lair:5)
  Pikel (D:7)
  2 deep trolls (Orc:2)
  2 necromancers (Lair:5)
  7 deep elf zephyrmancers
  An oklob plant (Lair:3)
  16 elephants
  A dire elephant zombie (Lair:5)
  3 black mambas
  Joseph (D:7)
  A torpor snail (Lair:3)
  An ice statue (D:8)
  14 cane toads
  A rime drake (Lair:4)
  A yaktaur (D:11)
  5 komodo dragons
  Psyche (D:8)
  4 polar bears
  7 trolls
  A hornet (D:10)
  Prince Ribbit (D:7)
  7 blink frogs
  A tarantella (Lair:3)
  12 dream sheep
  A spriggan (shapeshifter) (Elf:2)
  An air elemental (Elf:2)
  2 vampires
  61 yaks
  4 wyverns
  5 basilisks
  3 fire elementals
  A neqoxec (WizLab)
  A steam dragon (D:9)
  A vampire mosquito (D:10)
  2 acid dragons
  Duvessa (D:7)
  15 water moccasins
  3 hell hounds (Elf:1)
  5 orc warriors
  An ice beast (D:7)
  2 black bears
  22 wolves
  6 centaurs
  11 ogres
  A phantom (D:5)
  3 kobold brigands
  A necrophage (D:5)
  8 bullfrogs
  9 gnoll sergeants
  A scorpion (D:6)
  8 wights (D:8)
  Dowan (D:7)
  14 killer bees
  6 electric eels
  A howler monkey (D:6)
  A crimson imp (D:7)
  3 starcursed masses (WizLab)
  2 hounds (Bailey)
  4 orc priests
  6 gnoll boudas (Bailey)
  A jelly (D:7)
  An iguana (D:5)
  Natasha (thrice) (D:3)
  9 orc wizards
  21 gnolls
  3 adders
  2 shadow imps (D:8)
  2 white imps (D:8)
  7 ufetubi
  4 worms
  3 dart slugs
  44 orcs
  4 bats
  5 endoplasms
  5 giant cockroaches
  8 goblins
  9 hobgoblins
  5 jackals
  6 quokkas
  11 ball pythons
  5 frilled lizards
  14 kobolds
  7 rats
521 creatures vanquished.

Vanquished Creatures (collateral kills)
  A stone giant (WizLab)
  A deep elf annihilator (Elf:2)
  Snorg (Orc:1)
  2 hydras
  A boulder beetle (Lair:5)
  4 two-headed ogres (Orc:2)
  An ogre mage (Orc:2)
  A death yak (Lair:5)
  6 dancing weapons
  2 deep elf knights (Elf:2)
  Nergalle (D:11)
  A spectral death yak (Lair:5)
  A glowing orange brain (WizLab)
  3 deep elf archers (Elf:2)
  A necromancer (Lair:5)
  9 deep elf zephyrmancers
  6 deep elf pyromancers
  4 orc sorcerers
  5 cyclopes
  Maurice (Orc:1)
  7 elephants
  3 black mambas
  2 eyes of devastation (WizLab)
  4 cane toads
  A komodo dragon (Lair:5)
  A troll (Orc:2)
  6 blink frogs
  3 spectral elephants (Lair:5)
  5 dream sheep
  A dire elephant simulacrum (Lair:5)
  A water elemental (Elf:2)
  A basilisk (Lair:5)
  5 fire elementals
  2 wyverns
  8 yaks
  A neqoxec (WizLab)
  A death yak simulacrum (Lair:5)
  A warg (Orc:2)
  An acid dragon (D:11)
  A hell hound (Elf:1)
  4 orc warriors
  2 water moccasins (Lair:5)
  3 starcursed masses (WizLab)
  9 ogres
  An elephant skeleton (Lair:5)
  2 cane toad simulacra (Lair:5)
  An earth elemental (Elf:2)
  An elephant simulacrum (Lair:5)
  6 orc wizards
  10 orcs
  2 starspawn tentacles (WizLab)
148 creatures vanquished.

Vanquished Creatures (others)
  A deep elf zephyrmancer (Elf:1)
  A white imp (D:8)
  2 demonic plants (D:8)
  19 fungi
  43 plants
  6 starspawn tentacles (WizLab)
  24 withered plants (Lair:5)
96 creatures vanquished.

Grand Total: 765 creatures vanquished

Notes
Turn   | Place    | Note
-------+----------+-------------------------------------------
     0 | D:1      | raistware the Human Conjurer began the quest for the Orb.
     0 | D:1      | Reached XP level 1. HP: 13/13 MP: 3/3
   464 | D:1      | Reached XP level 2. HP: 19/19 MP: 0/5
   975 | D:1      | Reached XP level 3. HP: 24/24 MP: 5/7
  1410 | D:2      | Reached XP level 4. HP: 30/30 MP: 1/9
  1964 | D:2      | Learned a level 4 spell: Iskenderun's Mystic Blast
  1975 | D:2      | Found a faded altar of an unknown god.
  2786 | D:3      | Reached XP level 5. HP: 35/35 MP: 7/11
  2828 | D:3      | Reached skill level 1 in Translocations
  3275 | D:3      | Learned a level 5 spell: Irradiate
  3408 | D:3      | Noticed Natasha
  3428 | D:3      | Killed Natasha
  3739 | D:3      | Found a hazy altar of Hepliaklqana.
  3809 | D:3      | Noticed Natasha
  3827 | D:3      | Killed Natasha
  4148 | D:3      | Noticed Natasha
  4161 | D:3      | Killed Natasha
  4162 | D:3      | Reached skill level 5 in Conjurations
  4162 | D:3      | Reached XP level 6. HP: 20/41 MP: 6/12
  4408 | D:4      | Noticed an ogre
  4509 | D:4      | Found a shimmering altar of Xom.
  4572 | D:4      | Found a staircase to the Ecumenical Temple.
  4585 | Temple   | Entered the Ecumenical Temple
  4655 | Temple   | Became a worshipper of Vehumet
  4764 | D:4      | Killed an ogre
  4920 | D:4      | Identified the +6 scimitar "Widowermaker" {vorpal, Fragile
                  | rElec Str+8 Dex+3}
  5407 | D:4      | Reached skill level 6 in Conjurations
  5922 | D:5      | Entered Level 5 of the Dungeon
  6099 | D:5      | Reached XP level 7. HP: 44/46 MP: 2/13
  6219 | D:5      | Reached skill level 1 in Transmutations
  6313 | D:5      | Found a shimmering blue altar of Sif Muna.
  6365 | D:5      | Noticed a water moccasin
  6372 | D:5      | Killed a water moccasin
  6610 | D:5      | Found a glowing golden altar of the Shining One.
  6639 | D:5      | Reached skill level 7 in Conjurations
  7236 | D:6      | Reached XP level 8. HP: 52/52 MP: 9/14
  7279 | D:6      | Identified the amulet "Tiliong" {Regen+ Slay+4}
  7337 | D:6      | Reached * piety under Vehumet
  7337 | D:6      | Offered knowledge of Shock by Vehumet.
  7447 | D:6      | Found an ancient bone altar of Kikubaaqudgha.
  7755 | D:6      | Identified the +9 hand axe of Classification {freeze,
                  | Int+5}
  7850 | D:6      | Reached skill level 8 in Conjurations
  8000 | D:7      | Noticed Pikel
  8036 | D:7      | Killed Pikel
  8037 | D:7      | Reached skill level 5 in Spellcasting
  8037 | D:7      | Reached XP level 9. HP: 57/57 MP: 7/17
  8129 | D:7      | Reached skill level 9 in Conjurations
  8330 | D:7      | Noticed Prince Ribbit
  8335 | D:7      | Killed Prince Ribbit
  8479 | D:7      | Reached skill level 10 in Conjurations
  8730 | D:7      | Found a burning altar of Makhleb.
  8742 | D:7      | Reached skill level 1 in Fighting
  8750 | D:7      | Noticed Joseph
  8871 | D:7      | Found a hide-covered altar of Uskayaw.
  9068 | D:7      | Noticed Duvessa
  9069 | D:7      | Noticed Dowan
  9075 | D:7      | Killed Duvessa
  9079 | D:7      | Killed Dowan
  9319 | D:7      | Killed Joseph
  9320 | D:7      | Reached skill level 11 in Conjurations
  9320 | D:7      | Reached XP level 10. HP: 40/65 MP: 4/20
  9524 | D:8      | Found a flagged portal.
  9560 | D:8      | Identified the +3 halberd "Webim" {flame, Will+ Str+7}
  9567 | Bailey   | Entered a bailey
  9578 | Bailey   | Offered knowledge of Freeze by Vehumet.
  9644 | Bailey   | Reached ** piety under Vehumet
  9830 | Bailey   | Reached skill level 12 in Conjurations
 10248 | Bailey   | Offered knowledge of Conjure Flame by Vehumet.
 10471 | D:8      | Reached skill level 13 in Conjurations
 10492 | D:8      | Learned a level 3 spell: Stone Arrow
 10583 | D:8      | Reached *** piety under Vehumet
 10651 | D:8      | Noticed an ice statue
 10831 | D:8      | Noticed Psyche
 10836 | D:8      | Reached XP level 11. HP: 55/70 MP: 13/21
 10837 | D:8      | Offered knowledge of Hailstorm by Vehumet.
 10839 | D:8      | Killed Psyche
 11020 | D:8      | Identified the +3 leather armour of Loss {Will++ rCorr
                  | Slay+5}
 11095 | D:8      | Reached skill level 14 in Conjurations
 11448 | D:8      | Gained mutation: You are strong-willed. (Will+) [potion of
                  | mutation]
 11448 | D:8      | Gained mutation: You expend magic power (3 MP) to
                  | strengthen your wands. [potion of mutation]
 11799 | D:9      | Found a stormy altar of Qazlal.
 11802 | D:9      | Found a snail-covered altar of Cheibriados.
 11802 | D:9      | Found a sacrificial altar of Ru.
 11802 | D:9      | Found a glowing silver altar of Zin.
 11821 | D:9      | Reached skill level 15 in Conjurations
 12243 | D:9      | Reached **** piety under Vehumet
 12273 | D:9      | Identified a scroll of acquirement
 12274 | D:9      | Acquired 1161 gold pieces
 12578 | D:9      | Learned a level 5 spell: Freezing Cloud
 12630 | D:9      | Learned a level 2 spell: Blink
 12650 | D:10     | Entered Level 10 of the Dungeon
 12659 | D:10     | Noticed a death yak
 12661 | D:10     | Noticed an elephant
 12664 | D:10     | Offered knowledge of Olgreb's Toxic Radiance by Vehumet.
 12667 | D:10     | Killed an elephant
 12668 | D:10     | Reached skill level 1 in Ice Magic
 12672 | D:10     | Killed a death yak
 12693 | D:10     | Reached skill level 16 in Conjurations
 12694 | D:10     | Found a staircase to the Lair.
 12803 | D:10     | Reached XP level 12. HP: 76/76 MP: 12/22
 13047 | D:10     | Noticed a centaur warrior
 13052 | D:10     | Killed a centaur warrior
 13774 | D:10     | Noticed a vault guard
 13779 | D:10     | Killed a vault guard
 13885 | D:10     | Found a portal to a secret trove of treasure.
 13967 | Lair:1   | Entered Level 1 of the Lair of Beasts
 14418 | Lair:1   | Reached skill level 17 in Conjurations
 14484 | Lair:1   | Found an opulent altar of Gozag.
 14604 | Lair:1   | Reached skill level 5 in Ice Magic
 15043 | Lair:2   | Found a staircase to the Shoals.
 15047 | Lair:2   | Reached XP level 13. HP: 81/81 MP: 16/25
 15172 | Lair:2   | Reached ***** piety under Vehumet
 15172 | Lair:2   | Offered knowledge of Spellforged Servitor by Vehumet.
 15306 | Lair:2   | Learned a level 7 spell: Spellforged Servitor
 15389 | Lair:2   | Gained mutation: You occasionally lose the ability to read
                  | scrolls when taking damage. [mutagenic glow]
 15544 | Lair:1   | Gained mutation: [You are dopey. (Int -2)] [mutagenic glow]
 15799 | Lair:2   | Reached skill level 18 in Conjurations
 16583 | Lair:3   | Found a hole to the Spider Nest.
 16709 | Lair:3   | Reached skill level 10 in Spellcasting
 16938 | Lair:3   | Found a shimmering blue altar of Sif Muna.
 17006 | Lair:3   | Noticed a four-headed hydra
 17014 | Lair:3   | Killed a four-headed hydra
 17721 | Lair:4   | Reached XP level 14. HP: 88/88 MP: 21/28
 18129 | Lair:4   | Found a staircase to the Slime Pits.
 18130 | Lair:4   | Found a viscous altar of Jiyva.
 18716 | Lair:5   | Entered Level 5 of the Lair of Beasts
 18720 | Lair:5   | Offered knowledge of Conjure Ball Lightning by Vehumet.
 19172 | Lair:5   | Lost mutation: [You are dopey. (Int -2)] [potion of
                  | mutation]
 19172 | Lair:5   | Lost mutation: You expend magic power (3 MP) to strengthen
                  | your wands. [potion of mutation]
 19172 | Lair:5   | Lost mutation: You occasionally lose the ability to read
                  | scrolls when taking damage. [potion of mutation]
 19172 | Lair:5   | Gained mutation: You expend magic power (3 MP) to
                  | strengthen your wands. [potion of mutation]
 19172 | Lair:5   | Gained mutation: Your spells are a little harder to cast,
                  | but a little more powerful. [potion of mutation]
 19172 | Lair:5   | Lost mutation: Your spells are a little harder to cast, but
                  | a little more powerful. [potion of mutation]
 19172 | Lair:5   | Gained mutation: You have hidden genetic potential. [potion
                  | of mutation]
 19447 | Lair:5   | Reached skill level 19 in Conjurations
 19960 | Lair:5   | Noticed a dire elephant
 20182 | Lair:5   | Reached XP level 15. HP: 93/93 MP: 16/30
 20215 | Lair:5   | Identified the ring of Tender Moments {rF+ AC+4 Stlth+}
 20805 | Lair:5   | Reached skill level 10 in Ice Magic
 21646 | D:11     | Found a staircase to the Orcish Mines.
 21767 | D:11     | Identified the +7 trident of the Foot {flame, rF+ Will+
                  | Int-4 Dex+4}
 21885 | D:11     | Noticed Nergalle
 21891 | D:11     | Killed Nergalle
 22468 | D:11     | Found Pah Foh's Book Shoppe.
 22586 | Orc:1    | Entered Level 1 of the Orcish Mines
 22609 | Orc:1    | Noticed Snorg
 22616 | Orc:1    | Killed Snorg
 22878 | Orc:2    | Entered Level 2 of the Orcish Mines
 22881 | Orc:2    | Found Keosh's Antique Weapon Emporium.
 22936 | Orc:2    | Found a staircase to the Elven Halls.
 23175 | Orc:2    | Offered knowledge of Ozocubu's Refrigeration by Vehumet.
 23190 | Orc:2    | Gained mutation: You are covered in fur. (AC +1) [hidden
                  | potential]
 23679 | Orc:1    | Noticed Maurice
 23685 | Orc:1    | Killed Maurice
 23781 | Orc:2    | Found Lenwog's Book Shoppe.
 23785 | Orc:2    | Found Wurchobuvva's Antique Armour Shop.
 23786 | Orc:2    | Found Jaigh's Weapon Emporium.
 23796 | Orc:2    | Found Doosseg's Magic Scroll Shoppe.
 23805 | Orc:2    | Bought a scroll of noise for 11 gold pieces
 23805 | Orc:2    | Bought a scroll of blinking for 82 gold pieces
 23805 | Orc:2    | Bought a scroll of identify for 22 gold pieces
 23806 | Orc:2    | Bought a scroll of identify for 22 gold pieces
 23806 | Orc:2    | Bought a scroll of teleportation for 33 gold pieces
 24137 | Elf:1    | Entered Level 1 of the Elven Halls
 24144 | Elf:1    | Offered knowledge of Yara's Violent Unravelling by Vehumet.
 24256 | Elf:1    | Noticed Azrael
 24269 | Elf:1    | Reached XP level 16. HP: 40/99 MP: 17/32
 24271 | Elf:1    | Killed Azrael
 24362 | Elf:1    | Found Zolelauc's Distillery.
 24365 | Elf:1    | Bought a potion of curing for 42 gold pieces
 24365 | Elf:1    | Bought a potion of curing for 42 gold pieces
 24555 | Elf:1    | Reached skill level 20 in Conjurations
 24721 | Elf:1    | Got the Verses on Generation
 25027 | Elf:1    | Identified the +0 buckler of the New World {rN+ rCorr Int-4
                  | Dex+2}
 25627 | Elf:2    | Gained mutation: Your natural rate of healing is unusually
                  | fast. [hidden potential]
 25627 | Elf:2    | Lost mutation: You have hidden genetic potential. [hidden
                  | potential expressed]
 25700 | Elf:2    | Found a radiant altar of Vehumet.
 25714 | Elf:2    | Noticed an Executioner
 26202 | Elf:2    | Found a runed translucent gate.
 26203 | Elf:2    | Found a runed translucent gate.
 26203 | Elf:2    | Found a runed translucent gate.
 26574 | Elf:2    | Noticed a deep elf blademaster
 26600 | Elf:3    | Entered Level 3 of the Elven Halls
 26666 | Elf:3    | Found a magical portal.
 26740 | WizLab   | Entered Lehudib's Moon Base
 26759 | WizLab   | Noticed a tentacled starspawn
 26766 | WizLab   | Killed a tentacled starspawn
 26833 | WizLab   | Found a transporter.
 26925 | WizLab   | Noticed a tentacled starspawn
 26929 | WizLab   | Killed a tentacled starspawn
 27026 | WizLab   | Noticed a tentacled starspawn
 27033 | WizLab   | Killed a tentacled starspawn
 27034 | WizLab   | Reached XP level 17. HP: 60/104 MP: 29/34
 27041 | WizLab   | Collided with a stone wall

Illustrated notes

Levels and vault maps discovered:
D:1:      saegor_arrival_simple_b, layout_rooms
D:2:      layout_basic, ebering_ecumenical_altar_webs
D:3:      layout_loops_corners, overflow_temple_1_default, minivault_11,
          uniq_natasha
D:4:      layout_layer_cave, lemuel_crystal_altar,
          minmay_temple_entry_large_hall, minmay_bent
D:5:      layout_loops_ring, kennysheep_mini_moat,
          nicolae_overflow_crystal_walls
D:6:      layout_basic, mainiacjoe_overflow_tiny_flanked
D:7:      layout_loops_ring, makhleb_grotto_becter, marbit_many_paths,
          uniq_joseph, uniq_prince_ribbit1, uniq_pikel, uniq_duvessa
D:8:      lemuel_ice_statue, layout_loops_cross, serial_demonic,
          serial_demonic_b, serial_demonic_f, serial_demonic_f,
          serial_demonic_f, enter_bailey_2, uniq_psyche
D:9:      layout_roguey, grunt_temple_overflow_open, kennysheep_generic_room_7
D:10:     layout_stronghold, david_lair_generic, enter_trove_5,
          kennysheep_potato
D:11:     layout_loops_ring, david_orc_5, serial_shops, shop, kb_rosetta,
          uniq_nergalle
Temple:   minmay_temple_curvy_loop
Lair:1:   layout_roguey, basic_altar
Lair:2:   layout_long_grid, minmay_shoals_entry_centaurs, serial_bayou_pond_b,
          serial_bayou_shore_b, infiniplex_staircase_pool, serial_bayou_shore_a,
          lemuel_fruit_fields, lemuel_fruit_tree
Lair:3:   layout_layer_cave, spider_nest_entry_rubble, lemuel_oklob_altar
Lair:4:   layout_loops_ring, slime_entry_1
Lair:5:   due_jungle_book, layout_gridlike, serial_bayou_shore_b,
          grunt_megastairs_3
Orc:1:    layout_caves, uniq_snorg, uniq_maurice
Orc:2:    st_orc_open, layout_diamond_mine, serial_shops,
          nicolae_shop_hallway_plus
Elf:1:    nicolae_elf_arrival_no_cutting_in_line, layout_geoelf_octagon,
          serial_shops, nicolae_shop_behind_doors, minmay_elf_demonology,
          uniq_azrael
Elf:2:    nicolae_elf_blades_crystal_corner, layout_loops_corners, basic_altar
Elf:3:    grunt_elf_hall_spiral, layout_loops_corners, mu_enter_wizlab_1
WizLab:   wizlab_lehudib

Skill      XL: |  1  2  3  4  5  6  7  8  9 10 11 12 13 14 15 16 |
---------------+-------------------------------------------------+-----
Spellcasting   | 3 4 5 6 7 8 10 11 12 13 | 13.9
Translocations | 2 |  2.0
Conjurations   | 5 6 7 8 11 13 16 17 18 19 20 | 20.0
Transmutations | 2 3 4 |  4.0
Fighting       | 1 |  1.0
Ice Magic      | 2 5 8 9 12 14 | 14.7
Dodging        | |  2.0
Stealth        | |  2.0

Action                   |  1- 3 |  4- 6 |  7- 9 | 10-12 | 13-15 | 16-18 || total
-------------------------+-------+-------+-------+-------+-------+-------++-------
Melee: Unarmed           |    38 |       |       |       |       |       ||    38
       Whip              |       |    17 |       |       |       |       ||    17
       Punch             |       |     1 |     1 |     1 |     2 |       ||     5
       Scimitar          |       |    20 |    67 |    99 |       |       ||   186
       Staff             |       |       |       |    49 |    87 |    15 ||   151
Throw: Dart              |     6 |    15 |     9 |    12 |       |       ||    42
       Throwing net      |       |       |     1 |       |       |     1 ||     2
 Cast: Magic Dart        |    52 |   123 |   102 |    90 |    36 |     1 ||   404
       Iskenderun's Myst |       |     2 |     3 |    41 |    28 |     2 ||    76
       Irradiate         |       |       |    10 |    26 |    27 |     5 ||    68
       Stone Arrow       |       |       |       |    35 |    88 |    30 ||   153
       Freezing Cloud    |       |       |       |    24 |    66 |    21 ||   111
       Spellforged Servi |       |       |       |       |    54 |    31 ||    85
Evoke: Wand              |       |       |       |     5 |     2 |       ||     7
  Use: Scroll            |       |       |       |    14 |     5 |     2 ||    21
       Potion            |       |       |       |    10 |     2 |       ||    12
 Stab: Sleeping          |       |       |     2 |     1 |       |       ||     3
       Paralysed         |       |       |       |     5 |       |       ||     5
       Distracted        |       |       |       |     1 |       |     2 ||     3
Armor: Robe              |    18 |    16 |    16 |    30 |       |       ||    80
       Leather armour    |       |       |       |    11 |    71 |    18 ||   100
Dodge: Dodged            |    30 |    38 |    70 |   146 |    90 |    20 ||   394
